 Dungeon Crawl Stone Soup version 0.29-a0-352-g0917bc69df (webtiles) character file.

Game seed: 13276392410035542703

1660 Dauddaud the Cleaver (level 8, -3/64 HPs)
             Began as a Minotaur Berserker on Apr 23, 2022.
             Was a Priest of Trog.
             Slain by a two-headed ogre
             ... wielding a +0 giant club
              (18 damage)
             ... on level 6 of the Dungeon.
             The game lasted 00:07:01 (4986 turns).

Dauddaud the Cleaver (Minotaur Berserker)           Turns: 4986, Time: 00:07:01

Health: -3/64      AC:  7    Str: 31    XL:     8   Next: 68%
Magic:  7/7        EV: 11    Int:  4    God:    Trog [***...]
Gold:   165        SH:  0    Dex:  9    Spells: 7/7 levels left

rFire   . . .      SeeInvis .   u - +0 war axe
rCold   + . .      Faith    .   (no shield)
rNeg    . . .      Spirit   .   c - +1 ring mail {rC+}
rPois   .          Reflect  .   (helmet restricted)
rElec   .          Harm     .   (no cloak)
rCorr   .          Rampage  .   (no gloves)
Will    .....                   q - +0 pair of boots
Stlth   ..........              (no amulet)
HPRegen 0.20/turn               t - +6 ring of strength
MPRegen 0.10/turn               (no ring)

@: no status effects
A: horns 2, retaliatory headbutt
a: Renounce Religion, Berserk, Trog's Hand


You were on level 6 of the Dungeon.
You worshipped Trog.
Trog was most pleased with you.
You visited 1 branch of the dungeon, and saw 6 of its levels.

You collected 165 gold pieces.

Inventory:

Hand Weapons
 a - a +0 hand axe
 u - a +0 war axe (weapon)
Armour
 b - a +0 animal skin
 c - a +1 ring mail of cold resistance (worn)
 h - a +0 scale mail
 q - a +0 pair of boots (worn)
Jewellery
 t - a +6 ring of strength (left hand)
 y - an amulet of regeneration
Scrolls
 d - a scroll of summoning
 e - a scroll of enchant weapon
 g - a scroll of amnesia
 l - a scroll of silence {unknown}
 n - a scroll of magic mapping {unknown}
 o - a scroll of torment {unknown}
 r - 2 scrolls of noise
 s - a scroll of immolation
 w - a scroll of fear {unknown}
Potions
 f - 8 potions of curing {unknown}
 i - a potion of mutation {unknown}
 j - a potion of degeneration {unknown}
 k - a potion of ambrosia {unknown}
 m - 2 potions of flight {unknown}
 p - a potion of might {unknown}
 v - a potion of berserk rage {unknown}
 x - 2 potions of lignification {unknown}
 z - 2 potions of heal wounds {unknown}
 A - a potion of haste


   Skills:
 - Level 3.6 Fighting
 + Level 13.5 Axes
 - Level 2.4 Armour
 - Level 2.1 Dodging


You had 7 spell levels left.
You didn't know any spells.
Your spell library was empty.

Dungeon Overview and Level Annotations

Branches:
Dungeon (6/15)
 Temple: D:4-7

Altars:
Dithmenos
Makhleb
Qazlal
Vehumet


Innate Abilities, Weirdness & Mutations

You have a pair of horns on your head.
You reflexively headbutt those who attack you in melee.


Message History

Trog accepts your kill.
No target in view!
Things that are here:
a +0 giant club; an ogre corpse
f - 8 brown potions (gained 1)
A hound comes into view.
A hound is nearby!
You hit the hound. Your headbutt misses the hound.
The hound is lightly wounded.
The hound closely misses you. You furiously retaliate!
You headbutt the hound, but do no damage.
You slash the hound! You headbutt the hound.
The hound is almost dead.
The hound bites you but does no damage. The hound barely misses you.
You closely miss the hound.
The hound is almost dead.
The hound bites you but does no damage.
You hit the hound.
You kill the hound!
Trog accepts your kill.
No target in view!
No target in view!
No target in view!
No target in view!
No target in view!
A two-headed ogre and a centaur come into view.
The two-headed ogre shouts in stereo!
The centaur wields a +0 shortbow.
The centaur shoots an arrow.
The arrow hits you!
There are monsters nearby!
There are monsters nearby!
Found a stone staircase leading down.
The two-headed ogre hits you with a +0 giant club!
The two-headed ogre barely misses you.
You slash the two-headed ogre!
The two-headed ogre is moderately wounded.
The two-headed ogre hits you with a +0 giant club!!
* * * LOW HITPOINT WARNING * * *
The two-headed ogre hits you with a +0 giant club!!
You die...

... ..c. ...# #
....O########...#
..
................
..> #.# #.#.. #
... #.# #.#.#.#
.. ##.###.#.#.#
#.####...#......#
#...@Oc.......###
#.####..........#
# ##.#######.#
#.# #.# #.#
#.#### ..# #....#
#.# #.##.# #. #.#
# #.#######.#


You could see a two-headed ogre and a centaur.

Vanquished Creatures
  Grinder (D:3)
  Sigmund (D:3)
  A water moccasin (D:5)
  An ice beast (D:5)
  A black bear (D:5)
  An ogre (D:6)
  A phantom (D:4)
  A necrophage (D:6)
  3 howler monkeys (D:5)
  A gnoll shaman (D:5)
  5 hounds
  2 orc priests (D:3)
  Jessica (D:3)
  6 iguanas
  An orc wizard (D:4)
  10 adders
  3 gnolls (D:5)
  An ufetubus (D:5)
  2 worms
  2 dart slugs
  13 orcs
  8 endoplasms
  3 giant cockroaches
  8 goblins
  2 hobgoblins
  5 jackals
  4 quokkas
  10 ball pythons
  4 bats
  7 frilled lizards
  6 kobolds
  11 rats
126 creatures vanquished.

Notes
Turn   | Place    | Note
-------+----------+-------------------------------------------
     0 | D:1      | Dauddaud the Minotaur Berserker began the quest for the
                  | Orb.
     0 | D:1      | Reached XP level 1. HP: 19/19 MP: 0/0
   104 | D:1      | Reached skill level 4 in Axes
   290 | D:1      | Reached XP level 2. HP: 17/26 MP: 1/1
   615 | D:1      | Reached skill level 5 in Axes
  1297 | D:2      | Reached XP level 3. HP: 31/31 MP: 2/2
  1609 | D:2      | Reached ** piety under Trog
  1622 | D:2      | Reached skill level 6 in Axes
  1622 | D:2      | Reached XP level 4. HP: 38/39 MP: 3/3
  2409 | D:3      | Found a faded altar of an unknown god.
  2409 | D:3      | Noticed Grinder
  2429 | D:3      | Killed Grinder
  2430 | D:3      | Reached skill level 8 in Axes
  2430 | D:3      | Reached XP level 5. HP: 29/45 MP: 4/4
  2430 | D:3      | Reached XP level 6. HP: 33/51 MP: 5/5
  2469 | D:3      | Found a burning altar of Makhleb.
  2636 | D:3      | Reached skill level 9 in Axes
  2686 | D:3      | Noticed Sigmund
  2882 | D:3      | Found a radiant altar of Vehumet.
  3028 | D:3      | Noticed Jessica
  3033 | D:3      | Killed Jessica
  3098 | D:3      | Killed Sigmund
  3099 | D:3      | Reached XP level 7. HP: 30/57 MP: 6/6
  3364 | D:4      | Reached skill level 10 in Axes
  3738 | D:4      | Reached skill level 11 in Axes
  3939 | D:4      | Reached *** piety under Trog
  3993 | D:5      | Entered Level 5 of the Dungeon
  4024 | D:5      | Reached XP level 8. HP: 57/64 MP: 7/7
  4113 | D:5      | Found a shadowy altar of Dithmenos.
  4185 | D:5      | Found a stormy altar of Qazlal.
  4230 | D:5      | Reached skill level 12 in Axes
  4658 | D:5      | Reached skill level 13 in Axes
  4977 | D:6      | Noticed a two-headed ogre
  4986 | D:6      | Slain by a two-headed ogre

Illustrated notes

Levels and vault maps discovered:
D:1:      dpeg_chamrin_arrival_tetris, layout_loops_corners
D:2:      layout_basic
D:3:      layout_basic, nicolae_overflow_ecumenical_swirl, vehumet_crystals,
          chequers_serial_rivers_room_a, corner_web_ring, uniq_grinder,
          uniq_jessica, uniq_sigmund
D:4:      layout_basic
D:5:      layout_rooms, nicolae_qazlal_eye_of_the_storm,
          nicolae_dithmenos_through_a_glass_darkly, hangedman_decor_points
D:6:      layout_loops_ring, serial_shops, kennysheep_mini,
          columned_hall_lemuel, minmay_misc_feat_more_columns

Skill      XL: |  1  2  3  4  5  6  7  8 |
---------------+-------------------------+-----
Axes           | 4 5 6 8 9 11 13 | 13.5
Fighting       | |  3.6
Armour         | |  2.4
Dodging        | |  2.1

Action                   |  1- 3 |  4- 6 |  7- 9 || total
-------------------------+-------+-------+-------++-------
Melee: Hand axe          |    75 |    61 |       ||   136
       Headbutt          |     9 |     8 |    22 ||    39
       War axe           |       |    27 |   105 ||   132
Invok: Trog's Hand       |       |     2 |       ||     2
       Berserk           |       |     1 |       ||     1
  Use: Scroll            |       |     4 |     1 ||     5
 Stab: Sleeping          |     3 |       |       ||     3
Armor: Animal skin       |     6 |       |       ||     6
       Scale mail        |    17 |    25 |       ||    42
       Ring mail         |       |     4 |    29 ||    33
Dodge: Dodged            |    32 |    38 |    58 ||   128

Table legend: (Time is in decaauts)
 A = Elapsed time spent in this place.
 B = Non-inter-level travel time spent in this place.
 C = Inter-level travel time spent in this place.
 D = Time resting spent in this place.
 E = Time spent auto-exploring this place.
 F = Levels seen in this place.
 G = Mean time per level.
                   A        B        C        D        E       F      G
               +--------+--------+--------+--------+--------+-----+--------+
         Total |   4989 |   4855 |    134 |    396 |   3765 |   6 |  831.5 |
       Dungeon |   4989 |   4855 |    134 |    396 |   3765 |   6 |  831.5 |
               +--------+--------+--------+--------+--------+-----+--------+

Top non-repeatable levels by time:
     D:1: 1270 daAuts
     D:3: 1238 daAuts
     D:2: 863 daAuts
     D:5: 811 daAuts
     D:4: 632 daAuts
     D:6: 173 daAuts
